 Dungeon Crawl Stone Soup version 0.17.0-1-g61d176b (webtiles) character file.

373 McCoppin the Carver (level 6, -8/75 HPs)
             Began as an Octopode Berserker on Nov 7, 2015.
             Was an Elder of Trog.
             Mangled by an ogre
             ... wielding a +0 giant club
              (18 damage)
             ... on level 4 of the Dungeon.
             The game lasted 00:09:51 (2058 turns).

McCoppin the Carver (Octopode Berserker)            Turns: 2058, Time: 00:09:51

Health: -8/75      AC:  1    Str: 22    XL:     6   Next: 72%
Magic:  6/6        EV: 13    Int:  9    God:    Trog [****..]
Gold:   166        SH:  0    Dex: 13    Spells: 0 memorised, 5 levels left

rFire  . . .     SeeInvis .     a - +0 falchion
rCold  . . .     Clarity  .     (no shield)
rNeg   . . .     SustAt   .     (helmet restricted)
rPois  +         Gourm    .     m - amulet of regeneration
rElec  .         Spirit   .     l - ring of poison resistance
rCorr  .         Warding  .     (no ring)
rMut   .         Stasis   .     (no ring)
MR     .....                    (no ring)
Stlth  ..........               (no ring)
                                (no ring)
                                (no ring)
                                (no ring)

@: berserking, very quick, not resistant to hostile enchantments, extremely
unstealthy
A: almost no armour, amphibious, 8 rings, constrict 8, camouflage 1, gelatinous
body 1
a: Berserk, Trog's Hand, Brothers in Arms, Burn Spellbooks, Renounce Religion


You were on level 4 of the Dungeon.
You worshipped Trog.
Trog was greatly pleased with you.
You were hungry.

You visited 1 branch of the dungeon, and saw 4 of its levels.

You collected 166 gold pieces.

Inventory:

Hand Weapons
 a - a +0 falchion (weapon)
Missiles
 q - 19 poisoned needles
Jewellery
 l - a ring of poison resistance (left tentacle)
 m - an amulet of regeneration (around mantle)
 p - a cursed amulet of inaccuracy {unknown}
Wands
 v - a wand of draining (6)
Scrolls
 d - 2 scrolls of remove curse {unknown}
 e - a scroll of identify
 i - 2 scrolls of recharging {unknown}
 j - a scroll of amnesia {unknown}
 k - 3 scrolls of teleportation {unknown}
 o - a scroll of noise {unknown}
 t - a scroll of fear {unknown}
Potions
 f - a potion of degeneration {unknown}
 h - a potion of magic
 n - 3 potions of might
 r - a potion of brilliance {unknown}
 x - a potion of cure mutation {unknown}
Books
 u - a book of Maledictions

   Spells                             Type                      Level
   a - Corona                         Hexes                        1
   b - Ensorcelled Hibernation        Hexes/Ice                    2
   c - Confuse                        Hexes                        3
   d - Tukima's Dance                 Hexes                        3
   e - Dazzling Spray                 Conjuration/Hexes            3
   Trog disapproves of the use of such an item.
Comestibles
 b - 2 bread rations
 c - a slice of pizza
 g - a meat ration
 s - 6 chunks of flesh
 w - a beef jerky


   Skills:
 - Level 8.0 Fighting
 - Level 8.0 Long Blades
 - Level 3.0 Dodging
 * Level 7.0 Stealth


You had 5 spell levels left.
You didn't know any spells.

Dungeon Overview and Level Annotations

Branches:
Dungeon (4/15)
 Temple: D:4-7

Altars:
Fedhas
Gozag
Qazlal
Trog


Innate Abilities, Weirdness & Mutations

You cannot wear most types of armour.
You are amphibious.
You can wear up to eight rings at the same time.
You can use your tentacles to constrict eight enemies at once.
Your skin changes colour to match your surroundings (Stealth).
Your rubbery body absorbs attacks (AC +1).


Message History

Found a quarterstaff and a leather armour.
You hit the ogre.
The ogre is lightly wounded.
You closely miss the ogre.
The ogre is lightly wounded.
The ogre hits you with a giant club!!
You hit the ogre but do no damage. You squeeze the ogre!
The ogre is moderately wounded.
The ogre hits you with a giant club!!
* * * LOW HITPOINT WARNING * * *
You are too injured to fight recklessly!
Read which item? (? for menu, Esc to quit)
Okay, then.
Drink which item? (? for menu, Esc to quit)
Okay, then.
A red film seems to cover your vision as you go berserk!
You feel yourself moving faster!
You feel mighty!
You are feeling hungry.
The ogre hits you with a giant club!!
You die...

#[ ... )###
.... ..# .....
##.####.#...
#...#.......
###...#.......
#.....†.......
#.............
#<@O....[#....
###...#..# .
#...#.....
######.....
...... ###.##
.#


You could see an ogre.

Vanquished Creatures
  Sigmund (D:3)
  An orc priest (D:3)
  Robin (D:3)
  3 adders
  4 giant geckos
  15 orcs (D:3)
  4 giant cockroaches
  15 hobgoblins
  A quokka (D:2)
  10 bats
  3 giant newts
  13 goblins
  4 kobolds
  12 rats
87 creatures vanquished.

Notes
Turn   | Place    | Note
--------------------------------------------------------------
     0 | D:1      | McCoppin the Octopode Berserker began the quest for the Orb.
     0 | D:1      | Reached XP level 1. HP: 16/16 MP: 1/1
    15 | D:1      | Reached skill level 1 in Stealth
   199 | D:1      | Reached XP level 2. HP: 21/21 MP: 2/2
   483 | D:1      | Reached XP level 3. HP: 18/26 MP: 3/3
   719 | D:2      | Reached ** piety under Trog
   738 | D:2      | Reached skill level 4 in Stealth
   787 | D:2      | Reached skill level 8 in Fighting
   787 | D:2      | Reached XP level 4. HP: 30/39 MP: 4/4
  1007 | D:2      | Found an opulent altar of Gozag.
  1048 | D:2      | Found a stormy altar of Qazlal.
  1049 | D:2      | Found a blossoming altar of Fedhas.
  1050 | D:2      | Found a bloodstained altar of Trog.
  1427 | D:3      | Noticed Sigmund
  1458 | D:3      | Killed Sigmund
  1458 | D:3      | Reached XP level 5. HP: 44/44 MP: 5/5
  1458 | D:3      | Reached XP level 6. HP: 50/50 MP: 6/6
  1555 | D:3      | Reached *** piety under Trog
  1954 | D:3      | Noticed Robin
  1965 | D:3      | Killed Robin
  2049 | D:4      | Reached **** piety under Trog
  2058 | D:4      | Mangled by an ogre

Action                   |  1- 3 |  4- 6 || total
-------------------------+-------+-------++-------
Melee: Falchion          |    44 |    94 ||   138
Invok: Berserk           |       |     4 ||     4
  Use: Scroll            |     2 |     1 ||     3
       Potion            |     1 |       ||     1
 Stab: Sleeping          |     9 |    12 ||    21
  Eat: Chunk             |       |     3 ||     3
       Bread ration      |       |     1 ||     1
